[ AOE2 MATCH · #507277034 ]
UnrankedChinese vs Mongols
Player's team · LOSS
Rival team · WIN
[ REPLAY ANALYSIS · EXTRACTED FROM THE RECORDED GAME ]
Feudal
10:58
Castle
21:43
Imperial
—
| APM avg | 30.3 |
| APM peak | 48 |
| eAPM avg | 14.4 |
| Villagers / military | 48 / 35 |
Focus
⚔️ 34.1% · 🌾 65.9%
Fire Lancer ×17 · Archer ×13 · Scout Cavalry ×3 · Knight ×1 · Spearman ×1
Feudal
12:25
Castle
18:53
Imperial
—
| APM avg | 37.0 |
| APM peak | 64 |
| eAPM avg | 18.8 |
| Villagers / military | 67 / 35 |
Focus
⚔️ 30.4% · 🌾 69.6%
Skirmisher ×15 · Mangonel ×8 · Steppe Lancer ×7 · Militia ×3 · Monk ×2
Match map
Initial resources + every placement click. Lines = walls · curves = elevation contours. ◆ gold · ⬟ stone · ● berries · ✦ relic · ◌ wall gap
Your base· ✓ Closed at 21:43 · 30t walls · 1 gate(s)
sebas0995932's base· ✓ Closed at 18:53 · 23t walls · 1 gate(s)
Smoothed initial terrain · ◌ = detected wall gap · hover for details
Inputs per minute
— till - - sebas0995932
Build order — till
150 actions detected in the replay
| 0:01 | Research | Loom |
| 0:45 | Queue | Villager (Male) |
| 1:14 | Queue | Villager (Male) |
| 1:37 | Queue | Villager (Male) |
| 2:05 | Queue | Villager (Male) |
| 2:09 | Build | Lumber Camp |
| 2:26 | Queue | Villager (Male) |
| 2:50 | Queue | Villager (Male) |
| 3:19 | Queue | Villager (Male) |
| 3:38 | Build | House |
| 3:40 | Build | House |
| 3:47 | Queue | Villager (Male) |
| 4:11 | Queue | Villager (Male) |
| 4:28 | Queue | Villager (Male) |
| 4:50 | Queue | Villager (Male) |
| 5:14 | Queue | Villager (Male) |
| 5:26 | Queue | Villager (Male) |
| 5:34 | Build | Mill |
| 5:57 | Build | Palisade Wall |
| 6:00 | Build | Palisade Wall |
| 6:09 | Queue | Villager (Male) |
| 6:19 | Build | Farm |
| 6:38 | Queue | Villager (Male) |
| 7:12 | Queue | Villager (Male) |
| 7:23 | Build | Lumber Camp |
| 7:35 | Build | Palisade Wall |
| 7:44 | Build | Palisade Wall |
| 8:10 | Build | Palisade Gate |
| 8:11 | Build | House |
| 8:19 | Build | House |
| 8:23 | Queue | Villager (Male) |
| 8:26 | Research | Feudal Age |
| 9:31 | Build | Barracks |
| 9:36 | Build | Mining Camp |
| 9:38 | Queue | Villager (Male) |
| 9:42 | Build | Farm |
| 9:47 | Build | Farm |
| 10:12 | Build | Farm |
| 10:14 | Build | Farm |
| 10:20 | Build | House |
| 10:42 | Build | House |
| 10:58 | Age | Feudal Age |
| 11:07 | Build | Archery Range |
| 11:13 | Queue | Villager (Male) |
| 11:36 | Queue | Spearman |
| 11:40 | Queue | Villager (Male) |
| 11:44 | Queue | Archer |
| 11:58 | Queue | Villager (Male) |
| 12:01 | Build | Palisade Wall |
| 12:34 | Queue | Villager (Male) |
| 12:36 | Research | Double-Bit Axe |
| 12:39 | Queue | Archer |
| 12:43 | Build | House |
| 13:00 | Queue | Archer |
| 13:05 | Research | Town Watch |
| 13:10 | Queue | Villager (Male) |
| 13:48 | Build | Blacksmith |
| 13:58 | Queue | Villager (Male) |
| 14:06 | Research | Horse Collar |
| 14:13 | Build | Farm |
| 14:17 | Build | Farm |
| 14:17 | Build | Farm |
| 14:21 | Build | Farm |
| 14:25 | Queue | Villager (Male) |
| 14:26 | Queue | Archer |
| 14:26 | Queue | Archer |
| 14:31 | Build | House |
| 14:32 | Build | House |
| 14:33 | Build | House |
| 14:35 | Build | House |
| 14:50 | Build | Farm |
| 15:10 | Queue | Archer |
| 15:11 | Queue | Villager (Male) |
| 15:17 | Build | Farm |
| 15:31 | Build | Palisade Wall |
| 15:33 | Build | Palisade Wall |
| 15:45 | Build | Palisade Wall |
| 15:50 | Queue | Archer |
| 15:51 | Queue | Villager (Male) |
| 16:01 | Build | Farm |
| 16:09 | Build | Farm |
| 16:12 | Queue | Villager (Male) |
| 16:55 | Queue | Villager (Male) |
| 17:00 | Queue | Villager (Male) |
| 17:03 | Build | Farm |
| 17:07 | Build | Farm |
| 17:43 | Queue | Archer |
| 17:46 | Queue | Villager (Male) |
| 17:52 | Build | Stable |
| 18:06 | Queue | Archer |
| 18:08 | Queue | Villager (Male) |
| 18:24 | Queue | Villager (Male) |
| 18:33 | Queue | Scout Cavalry |
| 18:33 | Queue | Scout Cavalry |
| 18:53 | Build | Farm |
| 19:03 | Research | Castle Age |
| 19:10 | Build | Palisade Wall |
| 19:58 | Queue | Villager (Male) |
| 20:26 | Queue | Villager (Male) |
| 20:47 | Build | House |
| 20:56 | Research | Gold Mining |
| 20:57 | Queue | Archer |
| 20:59 | Queue | Archer |
| 21:15 | Build | Barracks |
| 21:22 | Build | Barracks |
| 21:22 | Research | Scale Mail Armor |
| 21:27 | Research | Fletching |
| 21:37 | Build | Watch Tower |
| 21:41 | Queue | Villager (Male) |
| 21:43 | Age | Castle Age |
| 21:49 | Build | House |
| 21:52 | Queue | Fire Lancer |
| 21:52 | Queue | Fire Lancer |
| 21:55 | Queue | Fire Lancer |
| 22:02 | Queue | Villager (Male) |
| 22:35 | Queue | Knight |
| 22:43 | Queue | Fire Lancer |
| 22:46 | Research | Squires |
| 22:48 | Research | Forging |
| 22:50 | Queue | Villager (Male) |
| 22:58 | Queue | Villager (Male) |
| 23:07 | Queue | Fire Lancer |
| 23:28 | Research | Crossbowman (upgrade) |
| 23:29 | Queue | Villager (Male) |
| 23:34 | Queue | Scout Cavalry |
| 23:36 | Queue | Villager (Male) |
| 24:08 | Queue | Villager (Male) |
| 24:09 | Research | Bodkin Arrow |
| 24:23 | Queue | Fire Lancer |
| 24:24 | Queue | Villager (Male) |
| 24:31 | Queue | Fire Lancer |
| 24:33 | Queue | Villager (Male) |
| 25:03 | Queue | Archer |
| 25:03 | Queue | Archer |
| 25:04 | Queue | Villager (Male) |
| 25:10 | Build | Mining Camp |
| 25:13 | Queue | Fire Lancer |
| 25:22 | Queue | Fire Lancer |
| 25:28 | Queue | Fire Lancer |
| 25:42 | Queue | Fire Lancer |
| 25:45 | Queue | Villager (Male) |
| 25:56 | Queue | Fire Lancer |
| 26:04 | Queue | Fire Lancer |
| 26:06 | Queue | Villager (Male) |
| 26:08 | Build | House |
| 26:20 | Queue | Fire Lancer |
| 26:44 | Queue | Fire Lancer |
| 26:44 | Queue | Fire Lancer |
| 26:49 | Queue | Fire Lancer |
| 26:50 | Queue | Villager (Male) |
Build order — sebas0995932
First 150 of 180 actions detected
| 0:01 | Queue | Villager (Male) |
| 0:01 | Queue | Villager (Male) |
| 0:02 | Build | House |
| 0:03 | Build | House |
| 0:35 | Queue | Villager (Male) |
| 0:36 | Queue | Villager (Male) |
| 1:36 | Queue | Villager (Male) |
| 1:37 | Queue | Villager (Male) |
| 1:47 | Build | Lumber Camp |
| 2:02 | Queue | Villager (Male) |
| 2:26 | Queue | Villager (Male) |
| 2:26 | Queue | Villager (Male) |
| 2:59 | Queue | Villager (Male) |
| 3:18 | Build | House |
| 3:22 | Queue | Villager (Male) |
| 3:47 | Queue | Villager (Male) |
| 4:12 | Queue | Villager (Male) |
| 4:29 | Build | Barracks |
| 4:39 | Queue | Villager (Male) |
| 4:50 | Queue | Villager (Male) |
| 5:21 | Queue | Militia |
| 5:21 | Queue | Militia |
| 5:21 | Queue | Militia |
| 5:24 | Build | House |
| 5:25 | Build | House |
| 5:32 | Queue | Villager (Male) |
| 5:50 | Build | Mill |
| 5:52 | Queue | Villager (Male) |
| 6:23 | Queue | Villager (Male) |
| 6:40 | Build | Mining Camp |
| 6:42 | Queue | Villager (Male) |
| 7:04 | Queue | Villager (Male) |
| 7:19 | Build | Farm |
| 7:24 | Queue | Villager (Male) |
| 7:56 | Build | Farm |
| 7:58 | Build | Farm |
| 8:05 | Queue | Villager (Male) |
| 8:25 | Queue | Villager (Male) |
| 8:27 | Build | Mill |
| 8:43 | Build | Farm |
| 8:45 | Queue | Villager (Male) |
| 8:50 | Build | Palisade Wall |
| 9:14 | Queue | Villager (Male) |
| 9:26 | Build | Farm |
| 9:38 | Queue | Villager (Male) |
| 9:40 | Build | Palisade Wall |
| 9:41 | Queue | Villager (Male) |
| 9:48 | Research | Loom |
| 9:52 | Build | House |
| 9:53 | Queue | Villager (Male) |
| 10:10 | Research | Feudal Age |
| 10:10 | Research | Feudal Age |
| 10:47 | Build | House |
| 10:49 | Build | House |
| 11:09 | Build | House |
| 11:14 | Build | House |
| 11:46 | Build | House |
| 11:54 | Build | Palisade Wall |
| 12:08 | Queue | Villager (Male) |
| 12:09 | Queue | Villager (Male) |
| 12:25 | Age | Feudal Age |
| 12:29 | Queue | Villager (Male) |
| 12:32 | Research | Double-Bit Axe |
| 12:43 | Build | Archery Range |
| 12:52 | Build | Farm |
| 12:55 | Queue | Villager (Male) |
| 13:16 | Research | Horse Collar |
| 13:32 | Build | House |
| 13:34 | Build | House |
| 13:37 | Queue | Skirmisher |
| 13:37 | Queue | Skirmisher |
| 14:05 | Queue | Skirmisher |
| 14:08 | Queue | Villager (Male) |
| 14:09 | Queue | Villager (Male) |
| 14:19 | Build | Farm |
| 14:21 | Build | Farm |
| 14:29 | Build | Palisade Gate |
| 14:31 | Build | House |
| 14:36 | Queue | Skirmisher |
| 15:05 | Queue | Villager (Male) |
| 15:17 | Build | Market |
| 15:27 | Queue | Villager (Male) |
| 15:35 | Build | Farm |
| 16:07 | Queue | Villager (Male) |
| 16:12 | Research | Castle Age |
| 16:12 | Research | Castle Age |
| 16:16 | Build | Farm |
| 17:03 | Build | Stable |
| 17:30 | Build | Blacksmith |
| 18:08 | Build | House |
| 18:09 | Build | House |
| 18:11 | Build | House |
| 18:13 | Build | House |
| 18:16 | Research | Fletching |
| 18:48 | Queue | Villager (Male) |
| 18:53 | Age | Castle Age |
| 19:03 | Build | Siege Workshop |
| 19:10 | Research | Bow Saw |
| 19:13 | Research | Husbandry |
| 19:14 | Queue | Steppe Lancer |
| 19:15 | Queue | Steppe Lancer |
| 19:32 | Queue | Villager (Male) |
| 19:34 | Queue | Villager (Male) |
| 19:40 | Build | Town Center |
| 19:59 | Queue | Villager (Male) |
| 20:17 | Queue | Steppe Lancer |
| 20:17 | Queue | Steppe Lancer |
| 20:35 | Research | Elite Skirmisher (upgrade) |
| 20:35 | Research | Elite Skirmisher (upgrade) |
| 20:43 | Research | Bodkin Arrow |
| 20:43 | Research | Bodkin Arrow |
| 20:56 | Queue | Villager (Male) |
| 21:04 | Queue | Villager (Male) |
| 21:04 | Queue | Villager (Male) |
| 21:08 | Queue | Mangonel |
| 21:08 | Queue | Mangonel |
| 21:19 | Build | House |
| 21:39 | Queue | Villager (Male) |
| 21:39 | Queue | Villager (Male) |
| 21:44 | Queue | Mangonel |
| 21:45 | Queue | Mangonel |
| 22:11 | Queue | Villager (Male) |
| 22:12 | Queue | Villager (Male) |
| 22:14 | Build | House |
| 22:15 | Build | House |
| 22:19 | Queue | Villager (Male) |
| 22:21 | Build | Farm |
| 22:21 | Build | Farm |
| 22:21 | Build | Farm |
| 22:22 | Build | Farm |
| 22:22 | Build | Farm |
| 22:38 | Queue | Skirmisher |
| 22:39 | Queue | Skirmisher |
| 22:39 | Queue | Skirmisher |
| 22:39 | Queue | Skirmisher |
| 22:50 | Build | Lumber Camp |
| 23:04 | Queue | Villager (Male) |
| 23:04 | Queue | Villager (Male) |
| 23:16 | Build | House |
| 23:17 | Build | House |
| 23:19 | Queue | Villager (Male) |
| 23:20 | Queue | Villager (Male) |
| 23:20 | Queue | Villager (Male) |
| 23:24 | Build | Mining Camp |
| 23:31 | Queue | Skirmisher |
| 23:31 | Queue | Skirmisher |
| 24:07 | Queue | Villager (Male) |
| 24:08 | Queue | Mangonel |
| 24:08 | Queue | Mangonel |
| 24:08 | Queue | Mangonel |
Match timeline
| 4:29 | sebas0995932 · first_building Barracks |
| 5:57 | till · wall_segment Palisade Wall x1 |
| 6:00 | till · wall_segment Palisade Wall x1 |
| 7:35 | till · wall_segment Palisade Wall x1 |
| 7:44 | till · wall_segment Palisade Wall x1 |
| 8:50 | sebas0995932 · wall_segment Palisade Wall x15 |
| 9:31 | till · first_building Barracks |
| 9:40 | sebas0995932 · wall_segment Palisade Wall x5 |
| 10:58 | till · age_up feudal |
| 11:07 | till · first_building Archery Range |
| 11:54 | sebas0995932 · wall_segment Palisade Wall x4 |
| 12:01 | till · wall_segment Palisade Wall x1 |
| 12:25 | sebas0995932 · age_up feudal |
| 12:43 | sebas0995932 · first_building Archery Range |
| 15:31 | till · wall_segment Palisade Wall x10 |
| 15:33 | till · wall_segment Palisade Wall x4 |
| 15:45 | till · wall_segment Palisade Wall x1 |
| 17:03 | sebas0995932 · first_building Stable |
| 17:52 | till · first_building Stable |
| 18:53 | sebas0995932 · age_up castle |
| 19:03 | sebas0995932 · first_building Siege Workshop |
| 19:10 | till · wall_segment Palisade Wall x11 |
| 19:36 | sebas0995932 · first_market_buy 100 wood |
| 20:51 | sebas0995932 · first_market_sell 100 stone |
| 21:43 | till · age_up castle |
| 25:16 | sebas0995932 · first_building Monastery |
| 27:07 | till · resign |
[ AI ANALYSIS · 1 CREDIT ]
What really happened in this match?
Wolo.gg analyzes every decision: build order, eco, micro, common mistakes by bracket. Personalized analysis on WhatsApp or Discord in 30 seconds.
Civ guide
Chinese
Perfil
Jugador #1272485